 Dungeon Crawl Stone Soup version 0.30-a0-972-gf3ab3527aa (webtiles) character file.

Game seed: 4157742165579771196

592 Rendar the Magician (level 7, 0/54 HPs)
             Began as a Mummy Necromancer on Mar 31, 2023.
             Killed by divine providence
             ... invoked by an orc priest
              (14 damage)
             ... on level 5 of the Dungeon.
             The game lasted 00:13:02 (4988 turns).

Rendar the Magician (Mummy Necromancer)             Turns: 4988, Time: 00:13:03

Health: 0/54       AC:  3    Str: 11    XL:     7   Next: 16%
Magic:  1/15       EV: 27    Int: 16    God:
Gold:   212        SH:  0    Dex: 13    Spells: 8/17 levels left

rFire   x . .      SeeInvis .    b - +2 dagger (speed)
rCold   + . .      Faith    +    (no shield)
rNeg    + + +      Spirit   .    a - +1 robe
rPois   ∞          Reflect  .    (no helmet)
rElec   .          Rampage  .    (no cloak)
rCorr   .                        (no gloves)
Will    .....                    (no boots)
Stlth   ++                       g - amulet of the acrobat
HPRegen 0.29/turn                (no ring)
MPRegen 0.14/turn                (no ring)

@: acrobatic, animating dead
A: cold resistance 1, negative energy resistance 3, torment resistance 2, heat
vulnerability 1, in touch with death 1, no potions, faith
a: no special abilities


You were on level 5 of the Dungeon.
You visited 2 branches of the dungeon, and saw 7 of its levels.

You collected 212 gold pieces.

Inventory:

Hand Weapons
 b - a +2 dagger of speed (weapon)
Missiles
 j - 13 boomerangs (quivered)
Armour
 a - a +1 robe (worn)
Jewellery
 g - an amulet of the acrobat (around neck)
Scrolls
 c - 3 scrolls of amnesia
 d - a scroll of vulnerability
 e - a scroll of immolation
 f - a scroll of enchant weapon
 h - a scroll of fear
 i - a scroll of teleportation
 m - a scroll of torment {unknown}
 n - a scroll of enchant armour
 o - a scroll of magic mapping {unknown}
 p - a scroll of acquirement {unknown}


   Skills:
 - Level 4.0 Fighting
 - Level 1.1 Short Blades
 - Level 0.6 Throwing
 - Level 1.5 Dodging
 - Level 1.5 Stealth
 + Level 5.9 Spellcasting
 - Level 0.7 Conjurations
 - Level 5.4 Necromancy
 - Level 0.4 Air Magic


You had 8 spell levels left.
You knew the following spells:

 Your Spells              Type           Power      Damage    Failure   Level
a - Necrotise             Necr           100%       1d9       1%          1
b - Vampiric Draining     Necr           33%        2d8       4%          3
c - Shock                 Conj/Air       24%        1d4       11%         1
d - Animate Dead          Necr           33%        N/A       16%         4

Your spell library contained the following spells:

 Spells                   Type           Power      Damage    Failure   Level
 Magic Dart               Conj           28%        1d4       10%         1
 Apportation              Tloc           8%         N/A       14%         1
 Summon Small Mammal      Summ           16%        N/A       14%         1
 Call Imp                 Summ           4%         N/A       22%         2
 Mephitic Cloud           Conj/Pois/Air  6%         N/A       34%         3
 Swiftness                Air            6%         N/A       34%         3
 Agony                    Necr           33%        N/A       38%         5
 Airstrike                Air            3%         2d(1-17)  75%         4


Dungeon Overview and Level Annotations

Branches:
Dungeon (6/15)             Temple (1/1) D:4

Altars:
Gozag
Hepliaklqana
Kikubaaqudgha
Nemelex Xobeh
Okawaru
Uskayaw
Vehumet
Wu Jian
Xom


Innate Abilities, Weirdness & Mutations

You are immune to poison.
Your flesh is cold resistant. (rC+)
You are immune to negative energy. (rN+++)
You are immune to unholy pain and torment.
You are vulnerable to heat. (rF-)
You are in touch with the powers of death.
You do not drink.
You have a special connection with the divine. (Faith)


Message History

Okay, then.
Unknown command.
Your orc zombie hits the orc priest but does no damage.
The orc priest misses you.
Your orc wizard zombie barely misses the orc priest.
Unknown command.
Your orc zombie hits the orc priest but does no damage.
Your orc zombie closely misses the orc priest.
The orc priest completely misses you.
Unknown command.
Unknown command.
Your orc wizard zombie completely misses the orc priest.
Your orc zombie hits the orc priest but does no damage.
The orc wizard hits you with a +0 dagger of electrocution.
The orc priest completely misses you.
Your orc zombie hits the orc priest but does no damage.
Unknown command.
Unknown command.
Your orc wizard zombie hits the orc priest but does no damage.
Your orc zombie closely misses the orc priest.
The orc priest invokes the aid of Beogh against you.
Beogh smites you!
* * * LOW HITPOINT WARNING * * *
The orc wizard completely misses you.
Your orc zombie hits the orc priest but does no damage.
Unknown command.
Are you sure you want to stumble around while confused and next to your orc zombie?
Okay, then.
Are you sure you want to stumble around while confused and next to your orc zombie?
The orc priest completely misses you.
The orc wizard hits you with a +0 dagger of electrocution.
* * * LOW HITPOINT WARNING * * *
Your orc wizard zombie hits the orc priest but does no damage.
Your orc zombie hits the orc priest but does no damage.
Are you sure you want to stumble around while confused and next to your orc zombie?
You feel less confused.
Your orc zombie hits the orc priest.
The orc priest calls down the wrath of Beogh upon you.
Beogh smites you!
You die...

#.........#
##.......##
##..)..##
##...##
##'## #o#
#.#######.
##.oZ......
##o@ZZ......
#...>.......
##..).......
##.........
#........?
..........
##.........
#.........
##########


You could see 2 orc priests, an orc wizard, 2 friendly orc zombies and a
friendly orc wizard zombie.

Vanquished Creatures
  2 phantoms (D:4)
  2 scorpions
  A hound (D:4)
  A jelly (D:6)
  Natasha (twice) (D:4)
  2 orc wizards (D:5)
  7 adders
  A shadow imp (D:5)
  3 worms (D:3)
  10 orcs
  11 endoplasms
  A giant cockroach (D:4)
  3 goblins
  6 hobgoblins
  4 jackals
  2 quokkas (D:1)
  3 ball pythons
  3 bats
  8 frilled lizards
  6 kobolds
  5 rats
83 creatures vanquished.

Vanquished Creatures (collateral kills)
  A ball python (D:3)
  An endoplasm (D:1)
  2 frilled lizards (D:2)
4 creatures vanquished.

Vanquished Creatures (others)
  2 orc zombies (D:5)
  5 plants
7 creatures vanquished.

Grand Total: 94 creatures vanquished

Notes
Turn   | Place    | Note
-------+----------+-------------------------------------------
     0 | D:1      | Rendar the Mummy Necromancer began the quest for the Orb.
     0 | D:1      | Reached XP level 1. HP: 13/13 MP: 4/4
   226 | D:1      | Reached XP level 2. HP: 19/19 MP: 0/6
  1278 | D:2      | Gained mutation: You are in touch with the powers of death.
                  | [Mummy growth]
  1278 | D:2      | Reached XP level 3. HP: 21/24 MP: 1/8
  1820 | D:2      | Learned a level 3 spell: Vampiric Draining
  2002 | D:3      | Reached XP level 4. HP: 26/31 MP: 2/10
  2196 | D:3      | Reached skill level 5 in Necromancy
  2446 | D:3      | Learned a level 1 spell: Shock
  2451 | D:3      | Learned a level 4 spell: Animate Dead
  3017 | D:4      | Noticed a phantom
  3270 | D:4      | Noticed a phantom
  3319 | D:4      | Reached skill level 1 in Fighting
  3319 | D:4      | Reached XP level 5. HP: 37/37 MP: 1/11
  3446 | D:4      | Killed a phantom
  3447 | D:4      | Reached skill level 1 in Short Blades
  3636 | D:4      | Reached XP level 6. HP: 39/46 MP: 5/12
  4209 | D:4      | Found a staircase to the Ecumenical Temple.
  4210 | D:4      | Noticed Natasha
  4215 | D:4      | Killed Natasha
  4261 | Temple   | Entered the Ecumenical Temple
  4400 | D:4      | Noticed Natasha
  4407 | D:4      | Killed Natasha
  4470 | D:5      | Entered Level 5 of the Dungeon
  4541 | D:5      | Reached skill level 5 in Spellcasting
  4694 | D:5      | HP: 1/48 [orc priest/+0 trident (2)]
  4695 | D:5      | Reached XP level 7. HP: 1/54 MP: 2/15
  4988 | D:5      | Killed from afar by an orc priest

Illustrated notes

Levels and vault maps discovered:
D:1:      amcnicky_arrival_blooded_trapdoor, layout_basic
D:2:      layout_rooms, minmay_lizard_king
D:3:      layout_loops_corners, minmay_strange_pillars
D:4:      layout_rooms, minmay_temple_entry_poolview, uniq_natasha
D:5:      layout_loops_corners, mainiacjoe_overflow_six_doors_small,
          chequers_temple_overflow_minitemple, zin_purify,
          minmay_misc_feat_four_crosses
D:6:      layout_rooms, tgw_sif, serial_bayou, serial_bayou_ford_a,
          serial_bayou_pond_d, serial_bayou_pond_c, serial_bayou_shore_a,
          roderic_roman_lattice
Temple:   cyrus_temple_forest

Skill      XL: |  1  2  3  4  5  6 |
---------------+-------------------+-----
Spellcasting   | 3 4 5 |  5.9
Necromancy     | 5 |  5.4
Fighting       | 1 2 4 |  4.0
Short Blades   | 1 |  1.1
Throwing       | |  0.6
Dodging        | |  1.5
Stealth        | |  1.5
Conjurations   | |  0.7
Air Magic      | |  0.4

Action                     |  1- 3 |  4- 6 |  7- 9 || total
---------------------------+-------+-------+-------++-------
  Melee: Unarmed           |     1 |     1 |       ||     2
         Dagger            |       |    71 |    14 ||    85
  Throw: Boomerang         |       |     2 |       ||     2
   Cast: Necrotise         |    76 |    79 |     1 ||   156
         Shock             |       |     5 |       ||     5
         Vampiric Draining |       |     9 |     8 ||    17
         Animate Dead      |       |     1 |     1 ||     2
    Use: Scroll            |       |     4 |     7 ||    11
 Armour: Robe              |     9 |    12 |     2 ||    23
  Dodge: Dodged            |    17 |    50 |    16 ||    83

Table legend: (Time is in decaauts)
 A = Elapsed time spent in this place.
 B = Non-inter-level travel time spent in this place.
 C = Inter-level travel time spent in this place.
 D = Time resting spent in this place.
 E = Time spent auto-exploring this place.
 F = Levels seen in this place.
 G = Mean time per level.
                   A        B        C        D        E       F      G
               +--------+--------+--------+--------+--------+-----+--------+
         Total |   4958 |   4555 |    403 |    468 |   3399 |   7 |  708.3 |
       Dungeon |   4879 |   4500 |    379 |    468 |   3352 |   6 |  813.2 |
        Temple |     78 |     54 |     24 |      0 |     47 |   1 |   78.0 |
               +--------+--------+--------+--------+--------+-----+--------+

Top non-repeatable levels by time:
     D:3: 1378 daAuts
     D:1: 1137 daAuts
     D:4: 1131 daAuts
     D:2: 727 daAuts
     D:6: 253 daAuts
     D:5: 252 daAuts
  Temple: 78 daAuts
